AoeStats
← Honper

Arabian Desert

508946629Analyzed
1v1 RM · 6d ago on Sep 24, 2026· 50m 14s· 2 players
Game mode
Random Map
Map size
Tiny (2 player)
Population
200
Speed
Normal
Resources
Standard
Victory
Conquest
Starting age
Dark Age
Ending age
Imperial Age
RankedLock teamsTeams togetherTeam positionsShared explorationLock speedFull tech treeHidden civsTurbo modeCheats
Victory
Defeat
🇪🇸 Sicilians · Spain
878
+14
🇨🇿 Franks · Czechia
842
-14
pichevskij
11:50 Feudal Age
10:06 Loom
21:00 Horse Collar
21:08 Double-Bit Axe
30:41 Castle Age
33:23 Elite Skirmisher
33:27 Pikeman
34:43 Fletching
34:53 Padded Archer Armor
36:17 Murder Holes
40:39 Imperial Age
39:17 Scale Mail Armor
45:54 Siege Engineers
47:08 Wheelbarrow
50:14 Town Watch
Honper
2:26 Loom
10:34 Feudal Age
14:28 Wheelbarrow
13:49 Double-Bit Axe
22:48 Wheelbarrow
27:29 Castle Age
29:56 Fletching
32:59 Bow Saw
37:58 Hand Cart
37:49 Husbandry
41:02 Scale Barding Armor
40:27 Elite Skirmisher
44:50 Imperial Age
44:17 Light Cavalry
Connection lost

Rejoining the realm…

Still unreachable

The connection could not be restored.

Session expired

The server has moved on; the page needs a fresh start.